 Dungeon Crawl Stone Soup version 0.25-a0-85-g7617fd2bc2 (webtiles) character file.

Game seed: 8039346948978080359, levelgen mode: deterministic

1796020 pianissimo the Slayer (level 27, 207/207 HPs)
             Began as an Octopode Fighter on Nov 8, 2019.
             Was a High Priest of Okawaru.
             Escaped with the Orb
             ... and 4 runes!
             The game lasted 03:43:47 (112512 turns).

pianissimo the Slayer (Octopode Fighter)          Turns: 112512, Time: 03:43:48

Health: 207/207    AC: 10    Str: 17    XL:     27
Magic:  41/41      EV: 29    Int: 26    God:    Okawaru [*****.]
Gold:   452        SH: 29    Dex: 16    Spells: 1/54 levels left

rFire    + + .     SeeInvis +   n - +8 broad axe (elec)
rCold    + . .     Gourm    .   u - +7 large shield {AC+3}
rNeg     + . .     Faith    .   J - +0 mask of the Dragon {MR+ Slay+3 SInv}
rPois    +         Spirit   .   v - amulet of Catodym {+Rage rElec Slay+3}
rElec    +         Reflect  .   R - +3 ring of protection
rCorr    .         Harm     .   Q - +3 ring of protection
MR       +++++                  L - ring of Shadows {Umbra +Inv Stlth+}
Stlth    ++++......             r - ring "Ekhleovvy" {Wiz Int+2 Slay+2}
HPRegen  1.44/turn              B - ring of the Mage {Wiz MR++ Int+3}
MPRegen  0.27/turn              e - ring "Tucat" {rPois rF+ rC+ rN+}
                                h - +5 ring of evasion
                                f - ring of the Iron Devil {*Drain +Fly rF+ Int+3 Dex+3}

@: regenerating, wreathed by umbra, deflect missiles
A: almost no armour, stealthy swim, amphibious, 8 rings, constrict 8, camouflage
1, clumsy 1, gelatinous body 1
0: Orb of Zot
}: 4/15 runes: serpentine, barnacled, slimy, silver
a: Heroism, Finesse, Renounce Religion, Evoke Berserk Rage, Evoke Invisibility,
Evoke Flight


You escaped.
You worshipped Okawaru.
Okawaru was extremely pleased with you.
You were hungry.

You visited 11 branches of the dungeon, and saw 55 of its levels.
You visited the Abyss 3 times.
You visited 1 ziggurat, and saw 5 of its levels.
You also visited: Sewer and Desolation.

You collected 8621 gold pieces.
You spent 8169 gold pieces at shops.

Inventory:

Hand Weapons
 n - a +8 broad axe of electrocution (weapon)
 t - the +5 mace of the Ring {pain, -Tele MR+ Int+4}
   (You took it off a deep elf elementalist on level 3 of the Elven Halls)

   In the hands of one skilled in necromantic magic, it inflicts extra damage on
   living creatures.
   It affects your intelligence (+4).
   It affects your resistance to hostile enchantments.
   It prevents most forms of teleportation.
 A - a +9 broad axe of freezing
 H - a +5 antimagic broad axe
Missiles
 Z - 15 throwing nets (quivered) {!f}
Armour
 p - the +2 hat of the Bear Spirit {Spirit, +Rage rN+ MR++}
   (Okawaru gifted it to you on level 3 of the Depths)

   It protects you from negative energy.
   It affects your resistance to hostile enchantments.
   It lets you go berserk.
 u - a +7 large shield of protection (worn)
 J - the +0 mask of the Dragon (worn) {MR+ Slay+3 SInv}
   (Okawaru gifted it to you on level 4 of the Snake Pit)

   It affects your accuracy and damage with ranged weapons and melee attacks
   (+3).
   It affects your resistance to hostile enchantments.
   It lets you see invisible.
Jewellery
 b - an uncursed ring of see invisible
 e - the ring "Tucat" (on tentacle) {rPois rF+ rC+ rN+}
   (You took it off a deep elf archer on level 3 of the Elven Halls)

   [ring of protection from cold]

   It protects you from fire.
   It protects you from cold.
   It protects you from poison.
   It protects you from negative energy.
 f - the ring of the Iron Devil (on tentacle) {*Drain +Fly rF+ Int+3 Dex+3}
   (You acquired it on level 2 of the Orcish Mines)

   [ring of flight]

   It affects your intelligence (+3).
   It affects your dexterity (+3).
   It protects you from fire.
   It lets you fly.
   It causes draining when unequipped.
 h - a +5 ring of evasion (on tentacle)
 r - the ring "Ekhleovvy" (on tentacle) {Wiz Int+2 Slay+2}
   (You took it off a tengu reaver on level 5 of the Vaults)

   [ring of wizardry]

   It improves your spell success rate.
   It affects your intelligence (+2).
   It affects your accuracy and damage with ranged weapons and melee attacks
   (+2).
 v - the amulet of Catodym (around mantle) {+Rage rElec Slay+3}
   (You found it on level 5 of the Pits of Slime)

   [amulet of rage]

   It affects your accuracy and damage with ranged weapons and melee attacks
   (+3).
   It insulates you from electricity.
   It lets you go berserk.
 B - the ring of the Mage (on tentacle) {Wiz MR++ Int+3}
   (You found it on level 5 of the Pits of Slime)

   [ring of wizardry]

   It improves your spell success rate.
   It affects your intelligence (+3).
   It affects your resistance to hostile enchantments.
 D - an uncursed ring of protection from fire
 L - the ring of Shadows (on tentacle) {Umbra +Inv Stlth+}
   (You found it on level 5 of the Pits of Slime)

   [ring of stealth]

   It lets you turn invisible.
   It makes you more stealthy.
 P - a +4 ring of strength
 Q - a +3 ring of protection (right tentacle)
 R - a +3 ring of protection (left tentacle)
 U - an uncursed ring of resist corrosion
Wands
 a - a wand of clouds (1)
 k - a wand of enslavement (8)
 m - a wand of scattershot (3)
 y - a wand of disintegration (43)
 O - a wand of acid (30)
 S - a wand of paralysis (10)
 X - a wand of digging (15)
 Y - a wand of iceblast (6)
Scrolls
 g - 3 scrolls of summoning
 x - 5 scrolls of holy word
 z - 7 scrolls of fog
 C - 4 scrolls of blinking
 F - 5 scrolls of teleportation {@r3}
 I - 9 scrolls of identify {@r1}
 K - 6 scrolls of silence
 W - 6 scrolls of fear
Potions
 c - 2 potions of might
 j - 10 potions of haste
 q - 4 potions of mutation
 s - a potion of invisibility
 w - 6 potions of agility
 E - 8 potions of brilliance
 G - 6 potions of heal wounds
 M - 6 potions of magic
 N - 15 potions of curing {@q1}
 T - a potion of cancellation
 V - 3 potions of ambrosia
Miscellaneous
 i - 4 boxes of beasts
 l - a phial of floods
 o - 2 sacks of spiders
Comestibles
 d - 32 rations


   Skills:
 - Level 22.0 Fighting
   Level 2.0 Short Blades
 - Level 17.7(18.0) Axes
 - Level 5.0(12.8) Maces & Flails
 - Level 15.0 Dodging
 * Level 16.3 Stealth
 - Level 20.0 Shields
 - Level 14.0 Spellcasting
 - Level 10.0 Hexes
 - Level 8.0 Charms
 - Level 13.0 Summonings
 - Level 7.0 Necromancy
 - Level 8.0 Translocations
 - Level 2.0 Transmutations
 - Level 7.0 Air Magic
 - Level 2.0 Earth Magic
 + Level 13.1 Invocations
 + Level 19.6 Evocations


You had one spell level left.
You knew the following spells:

 Your Spells              Type           Power        Failure   Level  Hunger
a - Confusing Touch       Hex            ######       1%          1    None
b - Silence               Hex/Air        ######....   1%          5    ##.....
c - Deflect Missiles      Chrm/Air       ######....   11%         6    ####...
d - Blink                 Tloc           N/A          1%          2    None
e - Summon Lightning Spi  Summ/Air       ######..     1%          4    None
f - Shadow Creatures      Summ           N/A          1%          6    ####...
g - Sublimation of Blood  Necr           ######....   1%          2    None
h - Regeneration          Chrm/Necr      ######....   1%          3    None
i - Animate Dead          Necr           N/A          1%          4    None
j - Summon Mana Viper     Hex/Summ       ######..     1%          5    ##.....
k - Passwall              Tmut/Erth      ####....     1%          2    None
l - Summon Butterflies    Summ           ######..     1%          1    None
m - Summon Forest         Summ/Tloc      ######....   1%          5    ##.....
n - Swiftness             Chrm/Air       ######..     1%          2    None
o - Aura of Abjuration    Summ           ######....   1%          5    ##.....

Your spell library contained the following spells:

 Spells                   Type           Power        Failure   Level  Hunger
 Animate Skeleton         Necr           N/A          1%          1    None
 Apportation              Tloc           ######       1%          1    None
 Beastly Appendage        Tmut           ####..       1%          1    None
 Corona                   Hex            ######.      1%          1    None
 Infusion                 Chrm           ####         1%          1    None
 Magic Dart               Conj           ###.         1%          1    None
 Pain                     Necr           ####         1%          1    None
 Sandblast                Erth           ####..       1%          1    None
 Shock                    Conj/Air       ####         1%          1    None
 Call Imp                 Summ           ######..     1%          2    None
 Corpse Rot               Necr           N/A          1%          2    None
 Ensorcelled Hibernation  Hex/Ice        #####.       1%          2    None
 Poisonous Vapours        Pois/Air       #####.       1%          2    None
 Shroud of Golubria       Chrm/Tloc      ######       1%          2    None
 Slow                     Hex            ######..     1%          2    None
 Song of Slaying          Chrm           ######..     1%          2    None
 Sticks to Snakes         Tmut           ####....     1%          2    None
 Call Canine Familiar     Summ           ######..     1%          3    None
 Confuse                  Hex            ######..     1%          3    None
 Dazzling Spray           Conj/Hex       #####.       1%          3    None
 Gell's Gravitas          Tloc           ######....   1%          3    None
 Inner Flame              Hex/Fire       #####...     1%          3    None
 Lesser Beckoning         Tloc           ######....   1%          3    None
 Mephitic Cloud           Conj/Pois/Air  ####....     1%          3    None
 Portal Projectile        Hex/Tloc       ######       1%          3    None
 Spectral Weapon          Hex/Chrm       ######..     1%          3    None
 Static Discharge         Conj/Air       #####...     1%          3    None
 Summon Guardian Golem    Hex/Summ       ######..     1%          3    None
 Teleport Other           Tloc           ######..     1%          3    None
 Tukima's Dance           Hex            ######..     1%          3    None
 Vampiric Draining        Necr           ######....   1%          3    None
 Airstrike                Air            ######....   1%          4    None
 Cause Fear               Hex            ######....   1%          4    None
 Leda's Liquefaction      Hex/Erth       #####.....   1%          4    None
 Summon Ice Beast         Ice/Summ       ######..     1%          4    None
 Searing Ray              Conj           ###...       2%          2    None
 Fulminant Prism          Conj/Hex       #####.....   2%          4    None
 Spider Form              Tmut/Pois      ###.......   3%          3    None
 Stone Arrow              Conj/Erth      ###...       3%          3    None
 Force Lance              Conj/Tloc      #####...     3%          4    None
 Conjure Flame            Conj/Fire      ###.....     4%          3    None
 Ignite Poison            Fire/Tmut/Pois ###.....     4%          3    None
 Yara's Violent Unravell  Hex/Tmut       #####.....   4%          5    ##.....
 Darkness                 Hex            ######....   4%          6    ####...
 Invisibility             Hex            ######..     4%          6    ####...
 Metabolic Englaciation   Hex/Ice        #####.....   5%          5    ##.....
 Petrify                  Tmut/Erth      ####....     7%          4    None
 Borgnjor's Vile Clutch   Necr/Erth      #####.....   7%          5    ##.....
 Summon Hydra             Summ           ######....   7%          7    ######.
 Iskenderun's Battlesphe  Conj/Chrm      #####...     9%          5    ##.....
 Dispersal                Tloc           ######....   9%          6    ####...
 Ice Form                 Ice/Tmut       ###.....     11%         4    None
 Bolt of Draining         Conj/Necr      #####.....   11%         5    ##.....
 Lightning Bolt           Conj/Air       #####.....   11%         5    ##.....
 Death Channel            Necr           ######....   13%         6    ####...
 Iskenderun's Mystic Bla  Conj           ###.....     16%         4    None
 Blade Hands              Tmut           ####......   17%         5    ##.....
 Lee's Rapid Deconstruct  Erth           ####......   17%         5    ##.....
 Alistair's Intoxication  Tmut/Pois      ###.....     26%         5    ##.....
 Irradiate                Conj/Tmut      ###.......   26%         5    ##.....
 Conjure Ball Lightning   Conj/Air       #####.....   45%         6    ####...
 Freezing Cloud           Conj/Ice/Air   ####......   63%         6    ####...
 Hydra Form               Tmut           ####......   65%         6    ####...
 Iron Shot                Conj/Erth      ###.......   78%         6    ####...
 Ring of Flames           Chrm/Fire      #####.....   90%         7    ######.
 Controlled Blink         Tloc           N/A          96%         8    #######
 Disjunction              Tloc           ######....   96%         8    #######
 Ignition                 Fire           ###.......   100%        8    #######
 Shatter                  Erth           ####......   100%        9    #######
 Tornado                  Air            ######....   100%        9    #######
 Passage of Golubria      Tloc           Unusable     N/A         4    N/A

Dungeon Overview and Level Annotations

Branches:
Dungeon (15/15)            Temple (1/1) D:6            Lair (6/6) D:8
 Shoals (4/4) Lair:4        Snake (4/4) Lair:4        Slime (5/5) Lair:6
    Orc (2/2) D:10            Elf (3/3) Orc:2        Vaults (5/5) D:14
  Crypt (0/3) Vaults:3     Depths (5/5) D:15            Zot (5/5) Depths:5
  Sewer (visited)         Desolation (visited)

Altars:
Ashenzari
Cheibriados
Dithmenos
Elyvilon
Fedhas
Gozag
Hepliaklqana
Kikubaaqudgha
Makhleb
Nemelex Xobeh
Okawaru
Qazlal
Ru
Sif Muna
Trog
Uskayaw
Vehumet
Wu Jian
Xom
Yredelemnul
Zin
The Shining One
Beogh
Jiyva

Shops:
D:6 [   D:8 :   D:12 %   D:13 *   Orc:1 *=   Orc:2 =((*   Elf:2 [   Shoals:1 [
Snake:1 :   Vaults:1 !   Vaults:2 }   Vaults:4 (   Depths:5 !

Portals:
Hell: Depths:1 Depths:2 Depths:3 Depths:4 Depths:5
Abyss: Depths:1 Depths:2 Depths:4
Pandemonium: Depths:3 Depths:4
Trove: D:14 (give 16 potions of curing)

Annotations:
D:11 1 runed translucent door, Gargoyl's ghost, journeyman CeAK
Elf:1 , 6 runed translucent doors
Depths:2 3 runed translucent doors, Sileirurch's ghost, legendary TrMo
Depths:4 4 exclusions


Innate Abilities, Weirdness & Mutations

You cannot wear most types of armour.
You are very stealthy in the water. (Stealth+)
You are amphibious.
You can wear up to eight rings at the same time.
You can use your tentacles to constrict eight enemies at once.
Your skin changes colour to match your surroundings (Stealth+).
Your rubbery body absorbs attacks. (AC +1, EV +1)
You are clumsy. (Dex -2)


Message History

You block the freezing wraith's attack. x2
The Ice Fiend calls on the powers of darkness!
Your body is wracked with pain!
You climb upwards.
There is a stone staircase leading down here.
Casting: Regeneration (safe; 1% risk of failure)
Your skin crawls.
Casting: Regeneration (safe; 1% risk of failure)
Your skin crawls.
Casting: Regeneration (safe; 1% risk of failure)
Your skin crawls.
Casting: Regeneration (safe; 1% risk of failure)
Your skin crawls.
There is a stone staircase leading up here.
You climb upwards.
There is a stone staircase leading down here.
There is an open door here.
You are feeling hungry.
There is a staircase leading out of the dungeon here.
You have escaped!

.......###.#.#.#
##.#.#.......#.##
#.#.#.#........#
#.#.#.###.######
#.#.#.# #.#
##.#.#.#
#.#######
.....#.#
#.#.....#
...#####
#.#.....# ####
#......@#
###.....# #.....#
#######


There were no monsters in sight!

Vanquished Creatures
  the Royal Jelly (Slime:5)
  3 orbs of fire (Zot:5)
  4 ancient liches (Zot:5)
  A juggernaut (Depths:5)
  A pandemonium lord (Zot:3)
  Sojobo (Vaults:4)
  Boris (Depths:5)
  5 Killer Klowns (Zot:5)
  Bai Suzhen (Snake:3)
  3 golden dragons
  Nikola (Vaults:1)
  3 bone dragons
  A Brimstone Fiend (D:5)
  A doom hound (Zig:5)
  A Tzitzimitl (Zig:5)
  An electric golem (Zot:5)
  8 liches
  Rupert (D:12)
  4 tentacled monstrosities
  Jorgrun (Shoals:3)
  20 Orb Guardians
  A titan (Vaults:5)
  3 deep elf master archers
  5 deep elf blademasters
  4 sphinxes
  6 death cobs
  Frances (Shoals:2)
  Polyphemus (Shoals:2)
  16 acid blobs
  3 tentacled starspawn (Abyss:2)
  7 storm dragons
  5 shadow dragons
  The ghost of CloudEater the Geomancer, an adept GrEE of Vehumet (Elf:2)
  Kirke (Snake:4)
  An ancient champion (Vaults:4)
  Ilsuiw (Shoals:2)
  6 azure jellies
  Donald (Shoals:2)
  5 nagarajas (Snake:4)
  The ghost of fagic the Cleaver, an adept OpMo of Makhleb (Elf:1)
  10 tengu reavers
  6 fire giants
  9 draconian monks
  7 vault wardens
  8 frost giants
  5 deep elf sorcerers
  Louise (Snake:4)
  3 iron dragons
  2 ghost moths (Zot:5)
  A balrug (Depths:1)
  3 orc warlords (Orc:2)
  An angel (Depths:5)
  5 draconian knights
  3 draconian shifters
  7 deep elf elementalists
  3 war gargoyles
  A juggernaut zombie (D:15)
  3 draconian annihilators
  8 ironheart preservers
  24 stone giants
  2 reapers
  2 entropy weavers
  2 spriggan defenders
  An ophan (Abyss:2)
  13 very ugly things
  13 green draconians
  3 vampire knights
  10 black draconians
  4 deep elf annihilators
  6 red draconians
  Nessos (D:12)
  8 purple draconians
  Azrael (Snake:1)
  13 deep elf demonologists
  14 white draconians
  9 yellow draconians
  5 deep elf death magi
  9 ettins
  4 merfolk javelineers
  8 spark wasps
  A blizzard demon (Depths:3)
  6 deep elf high priests
  A jiangshi (Abyss:2)
  13 yaktaur captains
  A green death (Abyss:2)
  9 ogre magi
  9 great orbs of eyes
  7 merfolk impalers
  7 fire dragons
  An ice dragon (Depths:5)
  Erolcha (Orc:1)
  6 rakshasas
  Fannar (Lair:1)
  3 hydras
  A catoblepas (D:13)
  12 naga warriors
  31 vault guards
  9 centaur warriors
  27 two-headed ogres
  21 anacondas
  3 alligator snapping turtles
  3 death knights
  3 merfolk aquamancers
  A queen ant (shapeshifter) (Vaults:4)
  A spriggan air mage (Depths:5)
  5 deep troll shamans
  2 satyrs
  8 tengu warriors
  31 dancing weapons
  8 death yaks
  3 deep troll earth magi
  A titan zombie (Depths:3)
  The ghost of TimeIsEndless the Blocker, a novice HuFi of Okawaru (D:7)
  A vampire mage (Depths:3)
  2 thrashing horrors (Abyss:2)
  4 orc high priests (Orc:2)
  3 shock serpents
  27 deep elf knights
  2 spriggan berserkers (Depths:5)
  Sonja (D:12)
  9 naga sharpshooters
  2 soul eaters
  2 shadow wraiths
  6 salamander mystics
  8 iron trolls
  3 sun demons
  5 sea snakes
  9 small abominations
  7 hell knights
  22 skeletal warriors
  A golden dragon zombie (Depths:3)
  3 unseen horrors
  A shadow demon (Zig:5)
  A spark wasp zombie (Depths:3)
  An orange crystal statue (Shoals:1)
  4 flayed ghosts
  3 death drakes
  6 glowing orange brains
  6 phantasmal warriors
  13 deep trolls
  A gelid demonspawn (Depths:3)
  A glowing orange brain (shapeshifter) (Depths:5)
  9 naga ritualists
  17 ironbrand convokers
  6 necromancers
  3 wizards
  A harpy (shapeshifter) (Elf:3)
  23 deep elf archers
  An orb spider (shapeshifter) (Depths:2)
  A golden dragon skeleton (Depths:3)
  14 harpies
  7 lindwurms
  A statue (Abyss:2)
  A frost giant zombie (D:15)
  17 mana vipers
  5 wolf spiders
  40 ugly things
  11 oklob plants (Zot:3)
  A tengu skeleton (Depths:3)
  8 orc sorcerers
  67 deep elf magi
  2 fire giant zombies
  13 orc knights
  14 manticores
  12 fauns
  A shadow dragon skeleton (Depths:3)
  A sphinx skeleton (Depths:3)
  18 elephants
  16 moths of wrath
  An iron dragon skeleton (Depths:3)
  9 salamanders
  2 worldbinders (Abyss:2)
  6 large abominations (Abyss:2)
  A toenail golem (D:15)
  6 cyclopes
  9 vault sentinels
  An apocalypse crab (Zig:3)
  A frost giant skeleton (Depths:3)
  41 black mambas
  8 guardian serpents
  18 naga magi
  A fire giant skeleton (Depths:3)
  The ghost of Mandevil the Ogre Mage, a novice OgFE (D:3)
  8 water nymphs
  3 black mambas (shapeshifter)
  2 torpor snails (Lair:5)
  4 smoke demons (Abyss:2)
  A centaur skeleton (D:12)
  16 spiny frogs
  The ghost of TimeIsEndless the Skirmisher, a novice HuFi (D:6)
  A storm dragon simulacrum (Abyss:2)
  A yaktaur zombie (Vaults:5)
  2 spriggan skeletons
  5 komodo dragons
  6 freezing wraiths
  A tormentor (Zig:2)
  35 yaktaurs
  A hellwing (Abyss:2)
  2 rime drakes
  A golden dragon simulacrum (Vaults:5)
  2 ice devils
  An efreet (Abyss:2)
  A tengu conjurer (D:15)
  30 merfolk
  2 ancient zymes (Abyss:2)
  2 queen bees (shapeshifter)
  A troll (shapeshifter) (Vaults:3)
  6 polar bears
  2 red devils
  7 trolls
  A polar bear (shapeshifter) (D:15)
  9 saltlings
  A tengu simulacrum (Depths:3)
  8 hornets
  A raiju (shapeshifter) (Depths:2)
  Grinder (D:5)
  6 wind drakes
  5 dream sheep
  15 blink frogs
  37 slime creatures
  9 hippogriffs
  12 raiju
  A hippogriff (shapeshifter) (Vaults:4)
  13 flying skulls
  6 air elementals
  4 redbacks
  7 wraiths
  10 snapping turtles
  2 ynoxinuls (Abyss:2)
  12 spriggans
  14 water elementals
  3 shadows
  2 wyverns
  2 basilisks (Lair:4)
  11 fire elementals
  4 vampires
  A hog (Snake:4)
  52 yaks
  2 hungry ghosts
  4 chaos spawn
  2 neqoxecs
  A yaktaur simulacrum (Vaults:5)
  6 vampire mosquitoes
  4 wargs
  2 insubstantial wisps (Lair:5)
  2 acid dragons (Vaults:1)
  34 nagas
  12 water moccasins
  Duvessa (D:5)
  3 floating eyes
  14 porcupines
  A hell hound (Zig:2)
  57 orc warriors
  8 ice beasts
  4 black bears
  2 sky beasts
  4 swamp drakes (Depths:5)
  Purgy (D:3)
  28 boggarts
  A necrophage (D:7)
  5 eyes of draining
  A black bear (shapeshifter) (Vaults:4)
  An ice dragon simulacrum (Vaults:1)
  26 ogres
  4 phantoms
  21 wolves (Lair:6)
  An eye of draining (shapeshifter) (Abyss:2)
  A centaur (shapeshifter) (Vaults:5)
  10 centaurs
  13 crocodiles
  17 bullfrogs
  4 big kobolds
  Dowan (D:5)
  A glowing shapeshifter simulacrum (Vaults:5)
  6 earth elementals
  3 scorpions
  35 killer bees
  A tengu zombie (D:15)
  An elf simulacrum (Vaults:5)
  3 howler monkeys
  3 wights (D:14)
  4 electric eels
  9 crimson imps
  A quasit (D:8)
  A bullfrog zombie (D:8)
  3 hounds
  10 centaur zombies
  3 jellies
  30 orc wizards
  2 bullfrog skeletons (D:11)
  30 orc priests
  3 iguanas (D:5)
  An iron imp (Depths:3)
  Jessica (D:3)
  9 human skeletons (Vaults:1)
  12 merfolk sirens
  5 merfolk avatars
  9 worker ants
  9 hell rats
  2 hound skeletons
  A howler monkey zombie (D:7)
  8 gnolls
  A howler monkey skeleton (D:10)
  13 adders
  A hound simulacrum (D:7)
  7 river rats
  6 shadow imps
  7 white imps
  A worker ant simulacrum (D:7)
  3 oozes
  4 ufetubi
  3 worms
  A dart slug (D:5)
  An adder simulacrum (D:7)
  7 leopard geckos
  125 orcs
  11 giant cockroaches
  9 goblins
  2 hobgoblins
  18 jackals
  4 quokkas
  4 ball pythons
  5 bats
  9 frilled lizards
  24 kobolds
  46 rats
  10 bushes (Zot:3)
  2 crawling corpses (Elf:1)
  13 fungi
  19 plants
  3 starspawn tentacles (Abyss:2)
2432 creatures vanquished.

Vanquished Creatures (collateral kills)
  Margery (Vaults:4)
  A tentacled monstrosity (Zot:5)
  An electric golem (Zot:5)
  A deep elf blademaster (Elf:2)
  6 Orb Guardians (Zot:5)
  A storm dragon (Vaults:5)
  2 shadow dragons (Vaults:5)
  3 azure jellies (Slime:5)
  A nagaraja (Snake:4)
  A frost giant (Depths:3)
  2 deep elf sorcerers (Elf:3)
  Aizul (Vaults:1)
  2 ironheart preservers
  3 deep elf annihilators (Elf:3)
  A deep elf death mage (Elf:3)
  A deep elf high priest (Elf:3)
  A vault guard (Vaults:4)
  3 naga warriors
  2 anacondas (Snake:4)
  A catoblepas (Shoals:2)
  A rakshasa (Depths:1)
  A centaur warrior (Vaults:1)
  4 two-headed ogres
  2 deep troll shamans
  2 naga sharpshooters (Snake:3)
  A spriggan (Depths:5)
  A hell knight (Vaults:4)
  A salamander mystic (Snake:4)
  A wretched star (Abyss:2)
  2 deep trolls
  A necromancer (Vaults:5)
  A naga ritualist (Snake:4)
  2 ugly things (Depths:1)
  A deep elf mage (Vaults:4)
  2 salamanders
  3 shining eyes
  2 moths of wrath
  A black mamba (Snake:4)
  An orange demon (Zot:3)
  3 naga magi
  3 guardian serpents
  A vault sentinel (Vaults:4)
  An eye of devastation (Slime:5)
  A yaktaur (Depths:1)
  A hornet (Depths:5)
  A large abomination (Abyss:2)
  A slime creature (Slime:5)
  A flying skull (Abyss:2)
  A shadow (D:12)
  A basilisk (shapeshifter) (Depths:3)
  2 nagas
  2 ogres (Depths:3)
  3 centaurs
87 creatures vanquished.

Vanquished Creatures (others)
  2 stone giants
  A purple draconian (Depths:5)
  2 yaktaur captains (Vaults:5)
  A lindwurm (Depths:5)
  A deep elf mage (Elf:1)
  5 yaktaurs
  A hornet (shapeshifter) (Vaults:2)
  2 water elementals (Elf:2)
  A vampire mosquito (Lair:5)
  A naga (Snake:4)
  An orc warrior (Vaults:5)
  A boggart (Depths:3)
  An orc priest (Vaults:4)
  2 human skeletons (Vaults:1)
  3 orcs (Elf:1)
  A bush (Lair:6)
  18 fungi
  25 plants
  5 starspawn tentacles (Abyss:2)
  2 withered plants (D:15)
76 creatures vanquished.

Grand Total: 2595 creatures vanquished

Notes
Turn   | Place    | Note
-------+----------+-------------------------------------------
     0 | D:1      | pianissimo the Octopode Fighter began the quest for the
                  | Orb.
     0 | D:1      | Reached XP level 1. HP: 16/16 MP: 1/1
    86 | D:1      | Reached XP level 2. HP: 13/21 MP: 2/2
   787 | D:1      | Found a glowing golden altar of the Shining One.
   837 | D:1      | Reached XP level 3. HP: 20/26 MP: 3/3
  1301 | D:2      | Reached skill level 4 in Fighting
  1301 | D:2      | Reached XP level 4. HP: 26/33 MP: 4/4
  2455 | D:3      | Noticed Jessica
  2465 | D:3      | Killed Jessica
  2465 | D:3      | Reached XP level 5. HP: 38/38 MP: 5/5
  2630 | D:3      | Found a transporter.
  2630 | D:3      | Noticed Mandevil's ghost (novice OgFE)
  2630 | D:3      | Noticed an ogre
  2630 | D:3      | Noticed an ogre
  2631 | D:3      | Found a transporter.
  2635 | D:3      | Noticed Purgy
  2848 | D:3      | Learned a level 1 spell: Confusing Touch
  2852 | D:3      | Learned a level 3 spell: Confuse
  3331 | D:4      | Noticed an ogre
  3407 | D:4      | Noticed an ogre
  3416 | D:4      | Killed an ogre
  3416 | D:4      | Reached skill level 5 in Fighting
  3416 | D:4      | Reached skill level 1 in Hexes
  3416 | D:4      | Reached XP level 6. HP: 41/45 MP: 7/7
  3437 | D:4      | Found a glowing drain.
  3479 | D:4      | Reached skill level 1 in Spellcasting
  3496 | Sewer    | Entered a sewer
  3862 | Sewer    | Reached XP level 7. HP: 49/50 MP: 8/8
  4682 | D:4      | Found a glowing silver altar of Zin.
  5103 | D:4      | Found a blossoming altar of Fedhas.
  5383 | D:5      | Entered Level 5 of the Dungeon
  5474 | D:5      | Noticed Duvessa
  5589 | D:5      | Noticed Dowan
  5594 | D:5      | Killed Duvessa
  5868 | D:5      | Reached skill level 1 in Evocations
  5877 | D:4      | Reached skill level 6 in Fighting
  5877 | D:4      | Reached XP level 8. HP: 30/57 MP: 11/11
  6029 | D:5      | Killed Dowan
  6263 | D:5      | Noticed Grinder
  6388 | D:5      | Paralysed by Grinder for 3 turns
  6395 | D:5      | Killed Grinder
  6395 | D:5      | Reached skill level 5 in Dodging
  6395 | D:5      | Reached skill level 5 in Shields
  7218 | D:5      | Reached skill level 7 in Fighting
  7412 | D:5      | Found the +2 ratskin cloak {+Rats rPois rN+ Str-1 Int-1
                  | Dex+1}
  7520 | D:5      | Found an ancient bone altar of Kikubaaqudgha.
  7528 | D:5      | Found a sacrificial altar of Ru.
  7531 | D:5      | Found a burning altar of Makhleb.
  7532 | D:5      | Found a glowing golden altar of the Shining One.
  7637 | D:6      | Found a transporter.
  7656 | D:6      | Found a staircase to the Ecumenical Temple.
  7662 | Temple   | Entered the Ecumenical Temple
  7869 | Temple   | Became a worshipper of Warmaster Okawaru
  8121 | D:6      | Noticed a cyclops
  8124 | D:6      | Noticed TimeIsEndless's ghost (novice HuFi)
  8229 | D:6      | Reached skill level 1 in Invocations
  8229 | D:6      | Reached XP level 9. HP: 60/64 MP: 13/13
  8527 | D:6      | Found Pagama's Armour Emporium.
  8582 | D:7      | Found a sparkling altar of Nemelex Xobeh.
  8684 | D:6      | Reached * piety under Okawaru
  9052 | D:6      | Found a transporter.
  9624 | D:7      | Reached skill level 8 in Fighting
  9714 | D:7      | Noticed a two-headed ogre
  9735 | D:7      | Killed a two-headed ogre
  9735 | D:7      | Reached ** piety under Okawaru
 10084 | D:7      | Found a runed translucent gate.
 10098 | D:7      | Found a runed translucent gate.
 10103 | D:7      | Found a runed translucent gate.
 10108 | D:7      | Reached XP level 10. HP: 72/72 MP: 14/14
 10262 | D:7      | Noticed TimeIsEndless's ghost (novice HuFi)
 10432 | D:8      | Noticed a manticore
 10633 | D:3      | Killed Purgy
 10722 | D:3      | Reached skill level 9 in Fighting
 10737 | D:3      | Killed Mandevil's ghost
 10737 | D:3      | Reached skill level 5 in Evocations
 11381 | D:8      | Killed a manticore
 11762 | D:8      | Found a glowing silver altar of Zin.
 12409 | D:8      | Learned a level 2 spell: Sticks to Snakes
 12809 | D:8      | Found a staircase to the Lair.
 13206 | D:8      | Reached *** piety under Okawaru
 13206 | D:8      | Reached skill level 5 in Invocations
 13269 | D:8      | Reached skill level 10 in Fighting
 13568 | D:8      | Found Ilell's Book Boutique.
 13572 | D:8      | Bought a book of Minor Magic for 320 gold pieces
 13575 | D:8      | Learned a level 2 spell: Blink
 13579 | D:8      | Learned a level 3 spell: Mephitic Cloud
 13890 | D:8      | Reached skill level 1 in Translocations
 14347 | D:9      | Reached XP level 11. HP: 32/80 MP: 16/16
 15120 | D:9      | Identified a scroll of acquirement
 15140 | D:9      | Got a crude great sword
 15146 | D:9      | Identified the +1 great sword "Pobiq" {vamp, SInv} (You
                  | acquired it on level 9 of the Dungeon)
 15156 | D:10     | Entered Level 10 of the Dungeon
 15186 | D:10     | Reached skill level 1 in Maces & Flails
 18151 | D:10     | Found the +5 scythe "Finisher" {speed, eviscerate}
 18266 | D:10     | Found a staircase to the Orcish Mines.
 18317 | D:10     | Reached skill level 5 in Maces & Flails
 18513 | D:11     | Noticed a death knight
 18529 | D:11     | Killed a death knight
 18529 | D:11     | Reached **** piety under Okawaru
 18861 | D:11     | Found a runed translucent door.
 18862 | D:11     | Noticed Gargoyl's ghost (journeyman CeAK)
 18863 | D:11     | Noticed a spriggan rider
 18863 | D:11     | Identified the +6 spear "Astruriu" {drain, rC+ Str+6}
 18870 | D:11     | Received a gift from Okawaru
 20140 | D:11     | Reached skill level 11 in Fighting
 20189 | D:11     | Noticed a cyclops
 20379 | D:11     | Noticed a cyan ugly thing
 20530 | D:11     | Killed a cyan ugly thing
 20530 | D:11     | Reached XP level 12. HP: 69/89 MP: 17/17
 20970 | D:11     | Received a gift from Okawaru
 21341 | D:12     | Noticed Rupert
 21345 | D:12     | Noticed Nessos
 21987 | D:6      | Killed TimeIsEndless's ghost
 22300 | D:7      | Killed TimeIsEndless's ghost
 22300 | D:7      | Reached skill level 12 in Fighting
 22318 | D:7      | Reached ***** piety under Okawaru
 22456 | Lair:1   | Entered Level 1 of the Lair of Beasts
 22522 | Lair:1   | Noticed Fannar
 22571 | Lair:1   | Reached skill level 1 in Axes
 23598 | Lair:2   | Reached skill level 5 in Axes
 23923 | Lair:2   | Received a gift from Okawaru
 23924 | Lair:2   | Got an encrusted buckler {god gift}
 23935 | Lair:2   | Identified the +2 buckler of Alora {Dex+5} (Okawaru gifted
                  | it to you on level 2 of the Lair of Beasts)
 25438 | Lair:3   | Reached XP level 13. HP: 35/97 MP: 18/18
 27366 | Lair:4   | Found a staircase to the Shoals.
 27523 | Lair:4   | Reached skill level 10 in Shields
 27720 | Lair:4   | Found a staircase to the Snake Pit.
 28584 | Lair:4   | Received a gift from Okawaru
 28721 | Lair:5   | Reached skill level 13 in Fighting
 29277 | Lair:5   | Reached skill level 10 in Axes
 29342 | Lair:5   | Reached XP level 14. HP: 84/106 MP: 20/20
 30369 | Lair:6   | Entered Level 6 of the Lair of Beasts
 31081 | Lair:6   | Reached skill level 10 in Dodging
 31308 | Lair:6   | Reached skill level 14 in Fighting
 31319 | Lair:6   | Reached skill level 5 in Spellcasting
 31566 | Lair:6   | Received a gift from Okawaru
 32643 | Lair:6   | Found a staircase to the Slime Pits.
 33346 | Lair:6   | Found a staircase to the Slime Pits.
 34148 | Orc:1    | Entered Level 1 of the Orcish Mines
 34410 | Orc:1    | Found Hydd's Jewellery Boutique.
 34437 | Orc:1    | Bought a +4 ring of dexterity for 405 gold pieces
 34437 | Orc:1    | Bought an uncursed ring of see invisible for 225 gold
                  | pieces
 34580 | Orc:2    | Entered Level 2 of the Orcish Mines
 34708 | Orc:1    | Noticed Erolcha
 34716 | Orc:1    | Killed Erolcha
 35056 | Orc:2    | Noticed an orc warlord
 35067 | Orc:2    | Killed an orc warlord
 35067 | Orc:2    | Reached XP level 15. HP: 100/114 MP: 23/23
 35399 | Orc:2    | Found a staircase to the Elven Halls.
 35779 | Orc:2    | Noticed an orc warlord
 35813 | Orc:2    | Killed an orc warlord
 35929 | Orc:2    | Found Liupuf's Antique Weapon Shoppe.
 36006 | Orc:2    | Found a roughly hewn altar of Beogh.
 36021 | Orc:2    | Reached skill level 15 in Fighting
 36383 | Orc:2    | Noticed an orc warlord
 36403 | Orc:2    | Killed an orc warlord
 36428 | Orc:2    | Found Loeking's Antique Weapon Shop.
 36553 | Orc:2    | Bought a glowing broad axe for 224 gold pieces
 36560 | Orc:2    | Found Gaon Pong's Jewellery Boutique.
 37006 | Orc:1    | Found Voulobri's Mayhem Merchandise.
 37022 | Orc:1    | Bought the +6 broad axe of Plunder {chop, Int+3 Stlth+} for
                  | 729 gold pieces
 37022 | Orc:1    | Bought a wand of iceblast (9) for 182 gold pieces
 37022 | Orc:1    | Bought a wand of iceblast (1) for 70 gold pieces
 37191 | Orc:2    | Learned a level 6 spell: Shadow Creatures
 37291 | Orc:2    | Received a gift from Okawaru
 37398 | Orc:2    | Found Isham's General Store.
 37606 | Orc:2    | Found a roughly hewn altar of Beogh.
 37612 | Orc:2    | Reached skill level 1 in Summonings
 37977 | Orc:2    | Found Liupuf's Antique Weapon Shoppe.
 38030 | Orc:2    | Found a roughly hewn altar of Beogh.
 38076 | Orc:2    | Found Isham's General Store.
 38189 | Orc:2    | Found a roughly hewn altar of Beogh.
 38190 | Orc:2    | Found Gaon Pong's Jewellery Boutique.
 38194 | Orc:2    | Found Loeking's Antique Weapon Shop.
 38492 | Orc:2    | Found a staircase to the Elven Halls.
 38766 | D:12     | Killed Rupert
 38815 | D:12     | Found Hygolaoc's Food Shop.
 38895 | D:12     | Killed Nessos
 38974 | D:12     | Noticed Sonja
 39027 | D:12     | Killed Sonja
 39296 | D:12     | Found a roughly hewn altar of Beogh.
 39861 | D:13     | Got a polished long sword
 40018 | D:13     | Found Qeudonap's Assorted Antiques.
 40025 | D:13     | Bought a wand of iceblast (3) for 128 gold pieces
 40229 | D:13     | Identified the +6 long sword of Death {speed, *Noise rElec
                  | MR+} (You found it on level 13 of the Dungeon)
 40567 | D:14     | You fall into a shaft and drop 1 floor!
 40567 | D:15     | Entered Level 15 of the Dungeon
 40567 | D:15     | Found a blossoming altar of Fedhas.
 40817 | D:15     | Reached skill level 5 in Summonings
 40833 | D:15     | Received a gift from Okawaru
 40833 | D:15     | Reached XP level 16. HP: 99/122 MP: 26/26
 41049 | D:15     | Paralysed by an ogre mage for 7 turns
 41078 | D:15     | Received a gift from Okawaru
 41113 | D:15     | Got a slimy hat {god gift}
 41340 | D:15     | Identified the +1 hat of Gestures {rC+} (Okawaru gifted it
                  | to you on level 15 of the Dungeon)
 41672 | D:15     | Found a staircase to the Depths.
 43445 | D:14     | Found a portal to a secret trove of treasure.
 43517 | D:14     | Found a gate to the Vaults.
 43885 | D:14     | Found a gate to the Vaults.
 43962 | D:14     | Found a portal to a secret trove of treasure.
 44644 | Lair:1   | Killed Fannar
 45457 | Orc:2    | Bought a +3 ring of protection for 252 gold pieces
 45530 | Elf:1    | Entered Level 1 of the Elven Halls
 45720 | Elf:1    | Noticed a deep elf blademaster
 45722 | Elf:1    | Found a transporter.
 45727 | Elf:1    | Found a bloodstained altar of Trog.
 45727 | Elf:1    | Identified the +9 rapier of Qiumuti {flame, *Noise rElec
                  | rPois}
 45727 | Elf:1    | Identified the cursed +0 quick blade "Beast's Death"
                  | {drain, Int+2 Dex+3}
 45727 | Elf:1    | Noticed a deep elf blademaster
 45727 | Elf:1    | Identified the +7 rapier of Ragnarok {drain, +Rage rF+}
 45727 | Elf:1    | Identified the +8 rapier of the Desert {holy, +Inv rPois
                  | Str+2}
 45727 | Elf:1    | Noticed a deep elf blademaster
 45727 | Elf:1    | Noticed fagic's ghost (adept OpMo)
 45737 | Elf:1    | Noticed a deep elf blademaster
 45743 | Elf:1    | Found a transporter.
 45745 | Elf:1    | Identified the +0 longbow of Exoneration {venom, rF- rC++}
 45745 | Elf:1    | Noticed a deep elf master archer
 45772 | Elf:1    | Found a ruined gateway.
 45781 | Desolati | Entered the Desolation of Salt
 45802 | Desolati | Reached skill level 16 in Fighting
 46515 | Elf:1    | Noticed an Executioner
 47635 | Elf:1    | Reached XP level 17. HP: 129/129 MP: 29/29
 47884 | Elf:1    | Found a radiant altar of Vehumet.
 48653 | Elf:1    | Reached skill level 10 in Summonings
 49025 | Elf:1    | Found a runed translucent gate.
 49025 | Elf:1    | Found a runed translucent gate.
 49025 | Elf:1    | Found a runed translucent gate.
 49025 | Elf:1    | Found a runed translucent gate.
 49025 | Elf:1    | Found a runed translucent gate.
 49028 | Elf:1    | Received a gift from Okawaru
 49033 | Elf:1    | Found a runed translucent gate.
 49092 | Elf:1    | Got an ancient shield {god gift}
 49110 | Elf:1    | Identified the +0 shield "Okykau" {Int+3} (Okawaru gifted
                  | it to you on level 1 of the Elven Halls)
 49291 | Elf:2    | Found Ligeaki's Armour Shop.
 49674 | Elf:2    | Noticed CloudEater's ghost (adept GrEE)
 49676 | Elf:2    | Found a transporter.
 50182 | Elf:2    | Found a transporter.
 50297 | Elf:2    | Found a huge runed translucent gate.
 50297 | Elf:2    | Found a huge runed translucent gate.
 50297 | Elf:2    | Found a huge runed translucent gate.
 50297 | Elf:2    | Found a huge runed translucent gate.
 50300 | Elf:2    | Found a huge runed translucent gate.
 50458 | Elf:2    | Killed CloudEater's ghost
 50704 | Elf:3    | Entered Level 3 of the Elven Halls
 51485 | Elf:3    | Reached skill level 17 in Fighting
 51592 | Elf:3    | Identified the ring "Tucat" {rPois rF+ rC+ rN+}
 52022 | Elf:3    | Noticed a Tzitzimitl
 52027 | Elf:3    | Noticed a Tzitzimitl
 52030 | Elf:3    | Noticed a Brimstone Fiend
 52344 | Elf:3    | Identified the +3 fire dragon scales of Koinn {rF++ rC-
                  | Dex+4}
 52344 | Elf:3    | Noticed a deep elf master archer
 52348 | Elf:3    | Noticed a Tzitzimitl
 52734 | Elf:3    | Noticed a deep elf blademaster
 52737 | Elf:3    | Killed a deep elf master archer
 52763 | Elf:2    | Killed a deep elf blademaster
 52763 | Elf:2    | Reached XP level 18. HP: 30/139 MP: 3/31
 53306 | Elf:3    | Reached skill level 10 in Spellcasting
 53444 | Elf:3    | Received a gift from Okawaru
 53454 | Elf:3    | Got an ancient hat {god gift}
 53612 | Elf:2    | Identified the +0 hat of the Castellan {rN++ Dex-2}
                  | (Okawaru gifted it to you on level 3 of the Elven Halls)
 53930 | Elf:3    | Identified the +5 plate armour of Valour {rPois}
 53930 | Elf:3    | Noticed a deep elf master archer
 54069 | Elf:3    | Killed a deep elf master archer
 54069 | Elf:3    | Reached skill level 18 in Fighting
 54484 | Elf:3    | Cast into level 2 of the Abyss (a deep elf sorcerer)
 54507 | Abyss:2  | Found a corrupted altar of Lugonu.
 54532 | Abyss:2  | Noticed a hellephant
 54928 | Abyss:2  | Noticed a hellephant
 54968 | Elf:3    | Escaped the Abyss
 55255 | Elf:3    | Cast into level 2 of the Abyss (a deep elf demonologist)
 55270 | Abyss:2  | Learned a level 5 spell: Silence
 55569 | Abyss:2  | Found a corrupted altar of Lugonu.
 55643 | Abyss:2  | Received a gift from Okawaru
 55782 | Abyss:2  | Reached skill level 19 in Fighting
 55784 | Elf:3    | Escaped the Abyss
 55940 | Elf:3    | Identified the Grimoire of Flight and Changing
 55973 | Elf:3    | Got an ancient short sword
 55979 | Elf:3    | Identified the cursed +0 short sword of Indignation {vamp,
                  | Str+3} (You found it on level 3 of the Elven Halls)
 56374 | Elf:3    | Identified the Guide on Attacks and Talismans
 56565 | Elf:3    | Noticed a deep elf blademaster
 56577 | Elf:3    | Killed a deep elf blademaster
 57285 | Elf:3    | Identified the +5 mace of the Ring {pain, -Tele MR+ Int+4}
 57297 | Elf:3    | Received a gift from Okawaru
 58145 | Elf:3    | Learned a level 4 spell: Passage of Golubria
 58624 | D:13     | Bought a scroll of blinking for 240 gold pieces
 58624 | D:13     | Bought a coral ring for 160 gold pieces
 58624 | D:13     | Bought a scroll of teleportation for 96 gold pieces
 59684 | Elf:2    | Reached XP level 19. HP: 108/150 MP: 24/33
 60769 | Snake:1  | Entered Level 1 of the Snake Pit
 61072 | Snake:1  | Found Tuidepuv's Book Emporium.
 62057 | Snake:1  | Noticed Azrael
 62124 | Snake:1  | Killed Azrael
 62124 | Snake:1  | Reached skill level 20 in Fighting
 62823 | Snake:2  | Received a gift from Okawaru
 65115 | Snake:3  | Noticed Bai Suzhen
 65138 | Snake:3  | Killed Bai Suzhen
 65759 | Snake:4  | Entered Level 4 of the Snake Pit
 65970 | Snake:4  | Received a gift from Okawaru
 65971 | Snake:4  | Found the +0 mask of the Dragon {MR+ Slay+3 SInv}
 66507 | Snake:4  | Reached skill level 10 in Evocations
 67187 | Snake:4  | Reached XP level 20. HP: 132/159 MP: 35/35
 67322 | Snake:4  | Noticed Kirke
 67342 | Snake:4  | Killed Kirke
 68146 | Snake:4  | Noticed Louise
 68162 | Snake:4  | Killed Louise
 70037 | Snake:4  | Received a gift from Okawaru
 70686 | Snake:4  | Got a serpentine rune of Zot
 71262 | Orc:2    | Bought a scroll of acquirement for 624 gold pieces
 71263 | Orc:2    | Identified the ring of the Iron Devil {*Drain +Fly rF+
                  | Int+3 Dex+3} (You acquired it on level 2 of the Orcish
                  | Mines)
 71537 | Shoals:1 | Entered Level 1 of the Shoals
 71692 | Shoals:1 | Learned a level 2 spell: Sublimation of Blood
 71830 | Shoals:1 | Found Qionuesauru's Antique Armour Shoppe.
 72134 | Shoals:1 | Reached skill level 1 in Necromancy
 72135 | Shoals:1 | Reached skill level 21 in Fighting
 72672 | Shoals:2 | Noticed Polyphemus
 72683 | Shoals:2 | Killed Polyphemus
 72684 | Shoals:2 | Received a gift from Okawaru
 72851 | Shoals:2 | Noticed Ilsuiw
 73308 | Shoals:2 | Noticed Donald
 73323 | Shoals:2 | Killed Donald
 73508 | Shoals:2 | Cast into level 2 of the Abyss (merfolk javelineer)
 73538 | Abyss:2  | Noticed a bone dragon
 73558 | Abyss:2  | Killed a bone dragon
 73584 | Shoals:2 | Escaped the Abyss
 73588 | Shoals:2 | Killed Ilsuiw
 74323 | Shoals:2 | Reached XP level 21. HP: 167/167 MP: 37/37
 74613 | Shoals:2 | Learned a level 3 spell: Mephitic Cloud
 74724 | Shoals:3 | Noticed Jorgrun
 74734 | Shoals:3 | Killed Jorgrun
 74899 | Shoals:3 | Reached skill level 5 in Necromancy
 75918 | Shoals:4 | Entered Level 4 of the Shoals
 77198 | Shoals:4 | Got a barnacled rune of Zot
 77860 | Shoals:2 | Noticed Frances
 77870 | Shoals:2 | Killed Frances
 78152 | D:8      | Bought a book of Necromancy for 480 gold pieces
 78156 | D:8      | Learned a level 3 spell: Regeneration
 78161 | D:8      | Learned a level 4 spell: Animate Dead
 78305 | Vaults:1 | Entered Level 1 of the Vaults
 78434 | Vaults:1 | You fall into a shaft and drop 1 floor!
 78454 | Vaults:2 | Reached skill level 1 in Charms
 78952 | Vaults:2 | Found Ofriol's Gadget Shop.
 79410 | Vaults:2 | Reached skill level 22 in Fighting
 81381 | Vaults:1 | Received a gift from Okawaru
 81553 | Vaults:1 | Noticed Aizul
 81563 | Vaults:1 | Killed Aizul
 81563 | Vaults:1 | Reached XP level 22. HP: 176/176 MP: 38/38
 81774 | Vaults:1 | Found Tachulao's Distillery.
 81775 | Vaults:1 | Reached skill level 5 in Charms
 81975 | Vaults:1 | Bought a potion of haste for 170 gold pieces
 81975 | Vaults:1 | Bought a potion of heal wounds for 85 gold pieces
 82248 | Vaults:1 | Noticed Nikola
 82264 | Vaults:1 | Killed Nikola
 83278 | Elf:1    | Killed fagic's ghost
 83922 | Vaults:3 | Got a smoking shortbow
 84195 | Vaults:3 | Found a staircase to the Crypt.
 84195 | Vaults:3 | Found an ancient bone altar of Kikubaaqudgha.
 84196 | Vaults:3 | Found a basalt altar of Yredelemnul.
 84302 | Vaults:3 | Received a gift from Okawaru
 84346 | Vaults:3 | Got a sapphire rapier {god gift}
 85130 | Vaults:4 | Found a basalt altar of Yredelemnul.
 85279 | Vaults:4 | Found Xeacylyo's Weapon Shoppe.
 85322 | Vaults:4 | Reached skill level 15 in Axes
 85414 | Vaults:4 | Received a gift from Okawaru
 85735 | Vaults:4 | Reached XP level 23. HP: 84/182 MP: 10/39
 86136 | Vaults:4 | Noticed Margery
 86341 | Vaults:4 | Killed Margery
 86361 | Vaults:4 | Reached skill level 15 in Shields
 86974 | Vaults:4 | Noticed Sojobo
 86988 | Vaults:4 | Killed Sojobo
 87367 | Vaults:4 | Learned a level 5 spell: Summon Mana Viper
 87370 | Vaults:4 | Learned a level 2 spell: Passwall
 87373 | Vaults:4 | Learned a level 1 spell: Summon Butterflies
 87549 | Depths:1 | Entered Level 1 of the Depths
 87715 | Depths:1 | Reached skill level 1 in Earth Magic
 87721 | Depths:1 | Received a gift from Okawaru
 87721 | Depths:1 | Reached skill level 1 in Air Magic
 87726 | Depths:1 | Reached skill level 1 in Transmutations
 87746 | Depths:1 | Got a translucent mace {god gift}
 87981 | Depths:1 | Found a one-way gate to the infinite horrors of the Abyss.
 88163 | Depths:1 | Found a gateway to Hell.
 88447 | Depths:2 | Noticed Sileirurch's ghost (legendary TrMo)
 88449 | Depths:2 | Found a runed translucent gate.
 88453 | Depths:2 | Found a runed translucent gate.
 88453 | Depths:2 | Found a runed translucent gate.
 88836 | Depths:2 | Received a gift from Okawaru
 88909 | Depths:2 | Found the +8 arc blade {discharge, rElec}
 89380 | Depths:2 | You fall into a shaft and drop 2 floors!
 89533 | Depths:3 | Reached XP level 24. HP: 178/189 MP: 39/39
 89907 | Depths:3 | Received a gift from Okawaru
 89907 | Depths:3 | Reached skill level 5 in Hexes
 89908 | Depths:3 | Found the +2 hat of the Bear Spirit {Spirit, +Rage rN+
                  | MR++}
 90436 | Depths:3 | Found a one-way gate leading to the halls of Pandemonium.
 90546 | Depths:3 | Reached skill level 15 in Evocations
 92252 | Orc:2    | Bought a +6 amulet of reflection for 702 gold pieces
 93493 | Depths:3 | Reached skill level 5 in Air Magic
 93903 | Depths:5 | Entered Level 5 of the Depths
 94149 | Depths:5 | Received a gift from Okawaru
 94158 | Depths:5 | Found a gateway to a ziggurat.
 94550 | Depths:5 | Noticed a juggernaut
 94563 | Depths:5 | Killed a juggernaut
 94568 | Depths:5 | Reached ****** piety under Okawaru
 94568 | Depths:5 | Received a gift from Okawaru
 94704 | Depths:5 | Got a crystal flail
 94777 | Depths:5 | Reached XP level 25. HP: 171/195 MP: 39/39
 94930 | Depths:5 | Noticed Boris
 94942 | Depths:5 | Killed Boris
 95459 | Depths:5 | Received a gift from Okawaru
 95730 | Depths:5 | Found a gate to the Realm of Zot.
 96355 | Depths:5 | Found Atreut's Distillery.
 96363 | Depths:5 | Bought a potion of ambrosia for 112 gold pieces
 96363 | Depths:5 | Bought a potion of heal wounds for 70 gold pieces
 96363 | Depths:5 | Bought a potion of haste for 140 gold pieces
 96363 | Depths:5 | Bought a potion of heal wounds for 70 gold pieces
 96468 | Zig:1    | Entered Level 1 of a ziggurat
 96485 | Zig:2    | Entered Level 2 of a ziggurat
 96639 | Zig:3    | Entered Level 3 of a ziggurat
 96657 | Zig:3    | Identified the Compendium of the Shifting Traveller
 96680 | Zig:4    | Entered Level 4 of a ziggurat
 96743 | Zig:5    | Entered Level 5 of a ziggurat
 97888 | Vaults:2 | Bought a wand of acid (12) for 448 gold pieces
 98029 | Vaults:5 | Entered Level 5 of the Vaults
 98038 | Vaults:5 | Received a gift from Okawaru
 98382 | Vaults:5 | Identified the +1 leather armour of Cloud Cover {rF++}
 98499 | Vaults:4 | Learned a level 5 spell: Summon Forest
 99028 | Vaults:5 | Reached XP level 26. HP: 104/201 MP: 15/40
 99360 | Vaults:5 | Reached skill level 5 in Translocations
 99392 | Vaults:5 | Identified the +6 whip of the Inferno {slash, rElec}
 99458 | Vaults:5 | Identified the ring "Ekhleovvy" {Wiz Int+2 Slay+2}
 99692 | Vaults:5 | Identified the +5 dagger of the Ghost {venom, rF++ rC-
                  | Str+4}
 99806 | Vaults:5 | Received a gift from Okawaru
 99807 | Vaults:5 | Found the +18 shield of the Gong {rElec rN+ MR+ EV-5}
 99864 | Vaults:5 | Got a silver rune of Zot
100090 | Vaults:5 | Got an ichor-stained hand axe
100542 | Vaults:5 | Found the +9 scales of the Dragon King {rPois rF+ rC+ MR+}
101478 | Vaults:5 | Learned a level 2 spell: Swiftness
101843 | Slime:1  | Entered Level 1 of the Pits of Slime
102017 | Slime:2  | Reached skill level 10 in Hexes
102476 | Slime:5  | Entered Level 5 of the Pits of Slime
102673 | Slime:5  | Found a viscous altar of Jiyva.
102673 | Slime:5  | Noticed the Royal Jelly
102674 | Slime:5  | Found the +10 large shield of Ignorance {rN+ Int-4}
102696 | Slime:5  | Killed the Royal Jelly
103058 | Slime:5  | Received a gift from Okawaru
103410 | Slime:5  | Identified Sakeji's Almanac of the Hidden Gods
103415 | Slime:5  | Found the ring of the Mage {Wiz MR++ Int+3}
103416 | Slime:5  | Found the ring of Shadows {Umbra +Inv Stlth+}
103458 | Slime:5  | Got a slimy rune of Zot
103540 | Slime:5  | Identified the Tome of Supportive Black Rituals
103547 | Slime:5  | Identified the amulet of Catodym {+Rage rElec Slay+3} (You
                  | found it on level 5 of the Pits of Slime)
103817 | D:8      | Bought the Guide on Air for 859 gold pieces
103823 | D:8      | Learned a level 5 spell: Aura of Abjuration
104010 | Shoals:2 | Learned a level 6 spell: Deflect Missiles
104018 | Shoals:2 | Learned a level 4 spell: Summon Lightning Spire
104510 | Zot:1    | Entered Level 1 of the Realm of Zot
104766 | D:13     | Bought a potion of invisibility for 256 gold pieces
104766 | D:13     | Bought a potion of invisibility for 256 gold pieces
104766 | D:13     | Bought a scroll of enchant weapon for 240 gold pieces
104766 | D:13     | Bought a potion of haste for 320 gold pieces
104898 | Vaults:1 | Bought a potion of curing for 51 gold pieces
104898 | Vaults:1 | Bought a potion of magic for 136 gold pieces
104898 | Vaults:1 | Bought a potion of curing for 51 gold pieces
104898 | Vaults:1 | Bought a potion of brilliance for 68 gold pieces
106444 | Zot:3    | Reached XP level 27. HP: 194/207 MP: 41/41
107048 | Zot:3    | Received a gift from Okawaru
108032 | Zot:4    | Reached skill level 15 in Dodging
108040 | Zot:4    | Reached skill level 1 in Stealth
108398 | Zot:4    | Reached skill level 10 in Invocations
108421 | Zot:4    | Reached skill level 5 in Stealth
108588 | Zot:5    | Entered Level 5 of the Realm of Zot
109658 | Zot:5    | Noticed an ancient lich
109669 | Zot:5    | Killed an ancient lich
109669 | Zot:5    | Received a gift from Okawaru
109669 | Zot:5    | Noticed an orb of fire
109678 | Zot:5    | Gained mutation: You are clumsy. (Dex -2) [an orb of fire]
109699 | Zot:5    | Killed an orb of fire
109699 | Zot:5    | Reached skill level 10 in Stealth
109700 | Zot:5    | Noticed an orb of fire
109721 | Zot:5    | Killed an orb of fire
109721 | Zot:5    | Noticed an orb of fire
109742 | Zot:5    | Killed an orb of fire
109743 | Zot:5    | Noticed an ancient lich
109749 | Zot:5    | Killed an ancient lich
109825 | Zot:5    | Noticed an ancient lich
109835 | Zot:5    | Killed an ancient lich
109872 | Zot:5    | Noticed an ancient lich
109886 | Zot:5    | Killed an ancient lich
111065 | Zot:5    | Reached skill level 15 in Stealth
111224 | Zot:5    | Received a gift from Okawaru
111232 | Zot:5    | Identified the +10 broad axe of Veits {flame, rN+ MP-9
                  | Str+2} (Okawaru gifted it to you on level 5 of the Realm of
                  | Zot)
111747 | Zot:5    | Got the Orb of Zot
111841 | Zot:3    | Noticed Locul the pandemonium lord
111868 | Zot:3    | Killed Locul the pandemonium lord
112425 | D:3      | Noticed Bicy the pandemonium lord
112512 | D:$      | Escaped with the Orb!

Levels and vault maps discovered:
D:1:      minmay_arrival_checkered_box, layout_basic, tso_altar
D:2:      layout_loops_corners
D:3:      layout_basic, gammafunk_ghost_smash, serial_bayou_lagoon_b,
          uniq_jessica, uniq_purgy
D:4:      layout_cave_pods, lemuel_crystal_altar, fedhas_altar_3,
          portal_sewer_entry_c
D:5:      wander_guarded_unrand_ratskin, layout_cave_pools, minitemple,
          first_ration, uniq_duvessa, uniq_grinder
D:6:      layout_loops_ring, minmay_temple_entry_waves, serial_shops,
          kennysheep_mini, gammafunk_ghost_arena
D:7:      layout_cave_pools, nemelex_xobeh_ov_fountains_minmay,
          gammafunk_ghost_icy
D:8:      layout_cave_pods, lair_entry_dummy, serial_shops,
          nicolae_shop_temple_entry_statues_fountains, kennysheep_flooded_box
D:9:      layout_roguey, hangedman_fish_farm
D:10:     layout_roguey, erik_orc_2, minmay_guarded_unrand_finisher
D:11:     layout_stronghold, ebering_ghost_funeral_grove, minmay_bent
D:12:     layout_loops_ring, special_room [special_room_orc], serial_shops,
          nicolae_shop_crystal, uniq_sonja, uniq_nessos, uniq_rupert
D:13:     layout_basic, serial_shops, shop, eino_tiny_chamber
D:14:     layout_irregular_city, david_vaults_1, nicolae_trove_entry_crossroad,
          hangedman_abyss_or_decor_lesser_grid, minmay_puff
D:15:     gammafunk_depths_entry_grave, layout_loops_ring,
          minmay_misc_feat_diagonals, grunt_ministairs_14, lemuel_tele_altar
Temple:   regret_index_temple_generic_petals
Lair:1:   layout_roguey, chequers_serial_rivers_large_a, grunt_megastairs_2,
          serial_bayou_shore_b, uniq_fannar
Lair:2:   layout_loops_ring, minivault_19, lemuel_fruit_fields,
          grunt_megastairs_4
Lair:3:   layout_cave_pods, lemuel_fruit_fields, grunt_megastairs_3
Lair:4:   layout_gridlike, elwin_shoals_entry_rocks,
          guppyfry_snake_entry_island, beast_lair_carwin_7
Lair:5:   layout_cave_pods, pond
Lair:6:   minmay_lair_end_enchanted_forest, layout_cave_pods, slime_dummy
Shoals:1: layout_shoals, serial_shops, nicolae_shop_overgrown_old_shop,
          dpeg_stationary_puzzle
Shoals:2: layout_shoals, uniq_donald, uniq_polyphemus, uniq_ilsuiw, uniq_frances
Shoals:3: layout_shoals, uniq_jorgrun
Shoals:4: shoals_end_grunt_ice, layout_shoals
Snake:1:  layout_layer_cave, minmay_shop_star, uniq_azrael
Snake:2:  layout_onion
Snake:3:  layout_grid_maze, uniq_bai_suzhen
Snake:4:  snake_pit_salamanders_mu, layout_cave_town, uniq_kirke, uniq_louise
Slime:1:  layout_caves
Slime:2:  layout_caves
Slime:3:  layout_caves, nicolae_slime_welcoming_committee
Slime:4:  layout_caves
Slime:5
Orc:1:    layout_diamond_mine, serial_shops, nicolae_shop_crystal,
          minmay_shop_mayhem, uniq_erolcha
Orc:2:    pubby_orc_utopia
Elf:1:    minmay_elf_arrival_summoners, layout_geoelf_diagonals, basic_altar,
          portal_desolation_entry_nicolae_slug,
          gammafunk_ghost_wrathful_warriors, orc_legates, minmay_strange_pillars
Elf:2:    layout_geoelf_grid, serial_shops, nicolae_shop_stone,
          gammafunk_ghost_arena
Elf:3:    grunt_elf_hall_branching, layout_onion_city
Vaults:1: vaults_mumra_minichess_inversion, st_lines, v_alt_pattern_2,
          dpeg_vaults_monster_row, nicolae_vaults_circle_grid_a,
          vaults_room_corners, nicolae_vaults_little_squares_1,
          vaults_room_semicircle, ontoclasm_vaults_twist,
          layout_vaults_quadrants, serial_shops, shop, uniq_nikola, uniq_aizul
Vaults:2: v_pattern_3, v_rooms_3, v_misc_1, hangedman_vaults_slither, v_misc_2,
          st_squares, vaults_dpeg_doors, hangedman_vaults_impose,
          v_alt_pattern_2, nicolae_vaults_angled_halls, vaults_room_large_hall,
          nicolae_vaults_gold_heap, v_misc_14, vaults_room_ringed_pool,
          layout_vaults_omnibox, serial_shops, nicolae_shop_behind_doors
Vaults:3: v_rooms_5, hangedman_vaults_maws, nicolae_vaults_big_angled_halls,
          v_misc_12, minmay_crypt_entry_necro_gods,
          vaults_room_hangedman_quadrants, vaults_mumra_chevron_long,
          vaults_dpeg_diagonal, vaults_room_pools, nicolae_vaults_specimen_jars,
          grunt_vaults_diagonal, layout_vaults_omnicross
Vaults:4: hangedman_vaults_stagger, vaults_dpeg_cross, v_misc_12,
          ontoclasm_vaults_ligature, hangedman_vaults_trim,
          nicolae_vaults_mini_display_case, sword_in_stone, v_misc_22,
          ontoclasm_vaults_eye, v_misc_25, v_misc_15, hangedman_vaults_pinch,
          ontoclasm_vaults_hangar, vaults_room_semicircle,
          nicolae_vaults_little_squares_3, hangedman_vaults_impose,
          serial_ice_b, nicolae_vaults_little_squares_3, layout_vaults_maze,
          serial_shops, shop, basic_altar, uniq_margery
Vaults:5: serial_shops
Depths:1: layout_forbidden_donut, abyss_entry, serial_bayou_lagoon_a,
          lightli_too_deep, minmay_microvault
Depths:2: minmay_shoctagon, layout_basic, abyss_entry, gammafunk_ghost_split,
          hell_entry, dk_noncrumbling_2, kennysheep_underground_church
Depths:3: minmay_skeletal_surprise, layout_long_grid, minmay_misc_feat_chi,
          grunt_hell_entry_dis_grunt, grunt_pan_entry_spiral
Depths:4: cheibrodos_tormentor_scu, layout_cave_pools, hell_entry,
          rand_demon_pan_entry_4, nrook_mini_backslash, abyss_entry,
          minmay_staircase_windowed_small, firewood_loft
Depths:5: lemuel_castle_with_subvaults [lemuel_castle_interior_carwin_1],
          layout_cave_shapes, enter_ziggurat_f, minmay_misc_feat_x,
          serial_shops, shop, hangedman_tar_grid_catacomb,
          minmay_hollow_rounded_squares, uniq_boris
Zot:1:    layout_misc_corridors
Zot:2:    layout_onion, ebering_ghost_disaster_area
Zot:3:    grunt_zot_stairs_overgrown, layout_gridlike
Zot:4:    grunt_twist_and_shout, layout_onion_interference
Zot:5:    layout_basic

Skill      XL: |  1  2  3  4  5  6  7  8  9 10 11 12 13 14 15 16 17 18 19 20 21 22 23 24 25 26 27 |
---------------+----------------------------------------------------------------------------------+-----
Fighting       | 4 5 6 7 8 10 11 12 13 14 15 16 17 19 20 21 22 | 22.0
Dodging        | 4 5 6 7 8 9 10 11 12 13 15 | 15.0
Shields        | 4 5 6 7 9 10 14 16 17 19 20 | 20.0
Hexes          | 1 2 3 4 6 9 10 | 10.0
Spellcasting   | 1 2 3 4 5 6 8 9 10 11 12 13 14 | 14.0
Evocations     | 1 3 4 6 7 10 12 14 15 16 17 19 | 19.6
Invocations    | 1 3 5 6 7 9 13 | 13.1
Translocations | 1 3 4 8 |  8.0
Maces & Flails | 5 |  5.0
Axes           | 7 10 11 12 13 14 15 16 17 | 17.7
Summonings     | 5 9 11 12 13 | 13.0
Necromancy     | 4 7 |  7.0
Charms         | 4 5 6 8 |  8.0
Earth Magic    | 2 |  2.0
Air Magic      | 3 6 7 |  7.0
Transmutations | 2 |  2.0
Stealth        | 16 | 16.3
Short Blades   | |  2.0

Action                   |  1- 3 |  4- 6 |  7- 9 | 10-12 | 13-15 | 16-18 | 19-21 | 22-24 | 25-27 || total
-------------------------+-------+-------+-------+-------+-------+-------+-------+-------+-------++-------
Melee: Rapier            |    50 |   127 |   301 |   198 |       |       |       |       |       ||   676
       Constrict         |     9 |    37 |    70 |    89 |   177 |   165 |   193 |   150 |   186 ||  1076
       Tentacles         |     6 |    22 |    93 |   239 |   371 |   301 |   420 |   368 |   459 ||  2279
       Punch             |       |       |     2 |    20 |    36 |    43 |    40 |    33 |    55 ||   229
       Dagger            |       |       |       |    21 |       |       |       |       |       ||    21
       Flail             |       |       |       |   498 |     3 |       |       |       |       ||   501
       War axe           |       |       |       |   119 |   908 |       |       |       |       ||  1027
       Broad axe         |       |       |       |       |   249 |   923 |  1317 |  1070 |  1509 ||  5068
       Mace              |       |       |       |       |       |       |       |       |    14 ||    14
 Fire: Hunting sling     |       |       |    19 |       |       |       |       |       |       ||    19
Throw: Dart              |       |     1 |     3 |     5 |    22 |    15 |       |     1 |       ||    47
       Throwing net      |       |       |       |       |     1 |       |     3 |       |     7 ||    11
 Cast: Confusing Touch   |       |       |     8 |     1 |       |       |       |       |       ||     9
       Blink             |       |       |       |     3 |     5 |     5 |       |     1 |     2 ||    16
       Shadow Creatures  |       |       |       |       |       |    51 |    45 |    18 |    57 ||   171
       Regeneration      |       |       |       |       |       |       |     3 |    15 |    39 ||    57
       Animate Dead      |       |       |       |       |       |       |       |     4 |     2 ||     6
       Deflect Missiles  |       |       |       |       |       |       |       |       |     2 ||     2
Invok: Heroism           |       |       |     2 |    41 |    62 |    78 |    70 |    45 |    49 ||   347
       Finesse           |       |       |       |       |       |     2 |     3 |     1 |     6 ||    12
 Abil: Evoke Berserk Rag |       |       |       |       |     1 |       |       |       |       ||     1
Evoke: Wand              |       |     3 |     4 |    16 |    16 |     6 |    18 |     8 |     7 ||    78
       Lightning rod     |       |       |       |       |     5 |       |       |       |       ||     5
       Sack of spiders   |       |       |       |       |     1 |       |       |       |       ||     1
       Phantom mirror    |       |       |       |       |     1 |       |       |       |       ||     1
       Phial of floods   |       |       |       |       |       |     1 |       |       |       ||     1
  Use: Scroll            |       |     7 |     6 |    13 |    15 |    26 |    10 |    11 |    21 ||   109
       Potion            |       |       |     2 |     4 |     1 |    11 |     7 |     4 |     9 ||    38
 Stab: Sleeping          |     8 |     7 |     9 |     5 |    19 |     9 |    23 |     9 |     9 ||    98
       Confused          |       |     1 |     1 |     1 |       |     1 |       |       |     4 ||     8
       Distracted        |       |       |     2 |       |     3 |     8 |     2 |     4 |    18 ||    37
       Held in net/web   |       |       |       |       |     4 |       |       |       |     8 ||    12
       Paralysed         |       |       |       |       |       |     2 |     2 |       |       ||     4
       Invisible         |       |       |       |       |       |       |       |    13 |    13 ||    26
  Eat: Chunk             |       |     9 |    17 |    28 |    36 |    19 |    29 |    29 |    12 ||   179
       Ration            |       |       |     1 |     6 |     4 |    18 |    16 |     6 |    18 ||    69
Armor: Skin              |     1 |     7 |     8 |    37 |    23 |    27 |    34 |    36 |    32 ||   205
Dodge: Dodged            |    20 |    41 |   154 |   410 |   448 |   400 |   960 |   461 |   512 ||  3406
       Deflected         |       |       |       |       |       |       |       |       |    10 ||    10
Block: Shield            |    16 |    54 |   127 |   448 |   181 |   143 |   790 |    21 |       ||  1780
       Large shield      |       |       |       |       |   685 |   378 |       |  1069 |  1497 ||  3629
       Reflection        |       |       |       |       |       |       |    13 |    26 |    55 ||    94

Table legend:
 A = Non-vault XP
 B = Vault XP
 C = Vault XP percentage of total XP
 D = Non-vault monster count
 E = Vault monster count
 F = Vault count percentage of total count
                 A         B        C        D         E       F
            +---------+---------+-------+---------+---------+-------
      Total |  737636 |  776382 |  51.3 |    1465 |    1004 |  40.7
            +---------+---------+-------+---------+---------+-------
        D:1 |      34 |       0 |   0.0 |      15 |       0 |   0.0
        D:2 |     120 |       0 |   0.0 |      34 |       0 |   0.0
        D:3 |      18 |     836 |  97.9 |       8 |       5 |  38.5
        D:4 |     563 |      33 |   5.5 |      14 |       7 |  33.3
        D:5 |     439 |     659 |  60.0 |      17 |      24 |  58.5
        D:6 |     629 |     966 |  60.6 |      23 |       4 |  14.8
        D:7 |    2170 |    1448 |  40.0 |      22 |      10 |  31.2
        D:8 |    3314 |       0 |   0.0 |      45 |       0 |   0.0
        D:9 |     661 |     325 |  33.0 |       9 |       1 |  10.0
       D:10 |    2451 |    1461 |  37.3 |      35 |      24 |  40.7
       D:11 |    5242 |    1714 |  24.6 |      48 |       8 |  14.3
       D:12 |    4825 |    5837 |  54.7 |      25 |      19 |  43.2
       D:13 |    3961 |       0 |   0.0 |      12 |       0 |   0.0
       D:14 |   10435 |    2546 |  19.6 |      28 |       6 |  17.6
       D:15 |   18681 |    6293 |  25.2 |      31 |      10 |  24.4
     Lair:1 |    3268 |    1179 |  26.5 |      13 |       3 |  18.8
     Lair:2 |    2255 |     393 |  14.8 |      10 |       3 |  23.1
     Lair:3 |    3336 |    1813 |  35.2 |      14 |       8 |  36.4
     Lair:4 |    9806 |    2859 |  22.6 |      41 |       8 |  16.3
     Lair:5 |    7012 |    1148 |  14.1 |      24 |       7 |  22.6
     Lair:6 |   15959 |    7803 |  32.8 |      45 |      42 |  48.3
   Shoals:1 |   11052 |     715 |   6.1 |      23 |       1 |   4.2
   Shoals:2 |    8482 |   12733 |  60.0 |      23 |      12 |  34.3
   Shoals:3 |   12545 |    2785 |  18.2 |      24 |       1 |   4.0
   Shoals:4 |    6941 |   22351 |  76.3 |      17 |      29 |  63.0
    Snake:1 |   12578 |    2402 |  16.0 |      23 |       7 |  23.3
    Snake:2 |   14066 |       0 |   0.0 |      30 |       0 |   0.0
    Snake:3 |   23397 |    4784 |  17.0 |      45 |       1 |   2.2
    Snake:4 |   21945 |   47790 |  68.5 |      43 |      73 |  62.9
    Slime:1 |    3359 |       0 |   0.0 |       6 |       0 |   0.0
    Slime:2 |    7016 |       0 |   0.0 |      10 |       0 |   0.0
    Slime:3 |    2057 |       0 |   0.0 |       5 |       0 |   0.0
    Slime:4 |   10828 |       0 |   0.0 |      11 |       0 |   0.0
    Slime:5 |    8660 |   30686 |  78.0 |      14 |      11 |  44.0
      Orc:1 |    1299 |    1012 |  43.8 |      15 |       1 |   6.2
      Orc:2 |       0 |   23135 | 100.0 |       0 |     144 | 100.0
      Elf:1 |   22383 |   29628 |  57.0 |      38 |      36 |  48.6
      Elf:2 |   14918 |   32697 |  68.7 |      23 |      43 |  65.2
      Elf:3 |   13527 |   36188 |  72.8 |      22 |      29 |  56.9
   Vaults:1 |   19513 |   19921 |  50.5 |      46 |      31 |  40.3
   Vaults:2 |    7983 |   22236 |  73.6 |      16 |      31 |  66.0
   Vaults:3 |   31809 |   12622 |  28.4 |      43 |      12 |  21.8
   Vaults:4 |   37123 |   58379 |  61.1 |      56 |      61 |  52.1
   Vaults:5 |   22232 |   85356 |  79.3 |      43 |      61 |  58.7
   Depths:1 |   30405 |    4566 |  13.1 |      49 |       4 |   7.5
   Depths:2 |   33858 |    6499 |  16.1 |      38 |      13 |  25.5
   Depths:3 |   41211 |   17962 |  30.4 |      52 |      32 |  38.1
   Depths:4 |   24271 |    7627 |  23.9 |      20 |      11 |  35.5
   Depths:5 |   31722 |   79401 |  71.5 |      32 |      54 |  62.8
      Zot:1 |   16128 |       0 |   0.0 |      11 |       0 |   0.0
      Zot:3 |   45094 |     557 |   1.2 |      36 |       1 |   2.7
      Zot:4 |   17004 |   17276 |  50.4 |      13 |      16 |  55.2
      Zot:5 |   27174 |  152327 |  84.9 |      19 |      40 |  67.8
    Abyss:2 |   36348 |    4116 |  10.2 |      69 |       8 |  10.4
      Zig:1 |    1621 |       0 |   0.0 |       2 |       0 |   0.0
      Zig:2 |    1129 |       0 |   0.0 |       5 |       0 |   0.0
      Zig:3 |    2736 |       0 |   0.0 |       4 |       0 |   0.0
      Zig:4 |    6782 |       0 |   0.0 |      18 |       0 |   0.0
      Zig:5 |   13261 |       0 |   0.0 |       8 |       0 |   0.0
      Sewer |       0 |     210 | 100.0 |       0 |      42 | 100.0
 Desolation |       0 |    3108 | 100.0 |       0 |      10 | 100.0
            +---------+---------+-------+---------+---------+-------
